 Dungeon Crawl Stone Soup version 0.30-a0-778-g2ef04afb54 (webtiles) character file.

Game seed: 13419987941025276032

18 sircluck the Trooper (level 2, 0/27 HPs)
             Began as a Draconian Cinder Acolyte on Feb 15, 2023.
             Was a High Priest of Ignis.
             Slain by an endoplasm (3 damage)
             ... on level 1 of the Dungeon.
             The game lasted 00:00:43 (501 turns).

sircluck the Trooper (Draconian Cinder Acolyte)      Turns: 501, Time: 00:00:44

Health: 0/27       AC:  4    Str: 16    XL:     2   Next: 51%
Magic:  3/3        EV: 11    Int: 14    God:    Ignis [*****.]
Gold:   87         SH:  0    Dex:  6    Spells: 3/3 levels left

rFire   + . .      SeeInvis .    a - -1 hand axe (flame)
rCold   . . .      Faith    .    (no shield)
rNeg    . . .      Spirit   .    (body armour unavailable)
rPois   .          Reflect  .    (helmet restricted)
rElec   .          Harm     .    (no cloak)
rCorr   .          Rampage  .    (no gloves)
Will    .....                    (no boots)
Stlth   +                        (no amulet)
HPRegen 0.24/turn                (no ring)
MPRegen 0.08/turn                (no ring)

@: slowed, very slow
A: AC +4, unfitting armour, cold-blooded
a: Renounce Religion, Fiery Armour, Foxfire Swarm, Rising Flame


You were on level 1 of the Dungeon.
You worshipped Ignis.
Ignis was extremely pleased with you.
You visited 1 branch of the dungeon, and saw 1 of its levels.

You collected 87 gold pieces.

Inventory:

Hand Weapons
 a - a -1 hand axe of flaming (weapon)
Missiles
 f - 10 stones (quivered)
Scrolls
 c - a scroll of fear {unknown}
 d - a scroll of teleportation {unknown}
 e - 2 scrolls of identify {unknown}
Potions
 b - 2 potions of magic {unknown}
 g - a potion of invisibility {unknown}


   Skills:
 + Level 3.8 Fighting
 + Level 3.3 Axes
 + Level 1.0 Spellcasting
 + Level 3.2 Fire Magic


You had 3 spell levels left.
You didn't know any spells.
Your spell library contained the following spells:

 Spells                   Type           Power      Damage    Failure   Level
 Scorch                   Fire           18%        2d6       11%         2


Dungeon Overview and Level Annotations

Branches:
Dungeon (1/15)

Altars:


Innate Abilities, Weirdness & Mutations

Your plain brown scales are hard. (AC +4)
You cannot fit into any form of body armour.
You are cold-blooded and may be slowed by cold attacks.


Message History

f - 10 stones (gained 4)
There is a stone staircase leading down here.
You now have 87 gold pieces (gained 19).
Found a stone staircase leading down.
g - a puce potion You open the door.
An endoplasm comes into view.
Found a leather armour.
An endoplasm is nearby!
An endoplasm is nearby!
An endoplasm is nearby!
An endoplasm is nearby!
An endoplasm is nearby!
An endoplasm is nearby!
The endoplasm quivers.
The endoplasm freezes you.
You are frozen.
The endoplasm closely misses you. The endoplasm freezes you.
You are frozen.
You feel yourself slow down. The endoplasm freezes you.
You are frozen.
The endoplasm hits you. The endoplasm freezes you.
You are frozen.
The endoplasm freezes you.
You are frozen.
* * * LOW HITPOINT WARNING * * *
You feel as though you will be slow longer.
The endoplasm closely misses you. The endoplasm freezes you.
You are frozen.
* * * LOW HITPOINT WARNING * * *
The endoplasm hits you but does no damage.
The endoplasm barely misses you. The endoplasm hits you.
* * * LOW HITPOINT WARNING * * *
The endoplasm hits you.
* * * LOW HITPOINT WARNING * * *
The endoplasm hits you.
You die...

#..... ##.[... ....... #.......
#...... #.# #...... #.#..... ....
#.....J#######.##...# ...
#...@.#...#.##.#.# ..
#.###.#'#.#.##.#.#
##.#####.#.#.....#.##.#.# .
..........#.....#.##.#.# .##
##.####.#.......#.##.#.####
...#####..###.#.##....#.##.#.....
.#...............+.........>#####
.#.......####.#.##....####..#
.#.......####...##..........#


You could see an endoplasm.

Vanquished Creatures
  A dart slug (D:1)
  A ball python (D:1)
  2 endoplasms (D:1)
  A giant cockroach (D:1)
  3 goblins (D:1)
  3 bats (D:1)
  4 frilled lizards (D:1)
  3 rats (D:1)
18 creatures vanquished.

Notes
Turn   | Place    | Note
-------+----------+-------------------------------------------
     0 | D:1      | sircluck the Draconian Cinder Acolyte began the quest for
                  | the Orb.
     0 | D:1      | Reached XP level 1. HP: 19/19 MP: 2/2
   170 | D:1      | Reached XP level 2. HP: 26/26 MP: 3/3
   501 | D:1      | Slain by an endoplasm

Illustrated notes

Levels and vault maps discovered:
D:1:      dpeg_arrival_court, layout_basic

Action                     || total
---------------------------++-------
  Melee: Hand axe          ||    48
         Tailslap          ||     4
         Punch             ||     1
 Armour: Skin              ||    21
  Dodge: Dodged            ||    48

Table legend: (Time is in decaauts)
 A = Elapsed time spent in this place.
 B = Non-inter-level travel time spent in this place.
 C = Inter-level travel time spent in this place.
 D = Time resting spent in this place.
 E = Time spent auto-exploring this place.
 F = Levels seen in this place.
 G = Mean time per level.
                   A        B        C        D        E       F      G
               +--------+--------+--------+--------+--------+-----+--------+
         Total |    510 |    510 |      0 |      0 |    356 |   1 |  510.0 |
       Dungeon |    510 |    510 |      0 |      0 |    356 |   1 |  510.0 |
               +--------+--------+--------+--------+--------+-----+--------+

Top non-repeatable levels by time:
     D:1: 510 daAuts
